| TOP OF THE 1ST |
|
Gwinnett Braves batting - Pitching for Louisville Bats : LHP Jin Zhui
|
|
Pitching: LHP Jin Zhui
|
|
|
Batting: RHB Edgar Castillo
|
0-0: Ball 1-0: Ball 2-0: Swinging Strike 2-1: Swinging Strike 2-2: Fly out, F9 (Flyball, 9D, EV 101.2 MPH)
|
|
Batting: RHB Alex Munoz
|
0-0: Ball 1-0: Called Strike 1-1: Foul Ball, location: 2F 1-2: Ball 2-2: Ball 3-2: Strikes out swinging
|
|
Batting: SHB Brian Bagley
|
0-0: Foul Ball, location: 2F 0-1: Ground out 6-3 (Groundball, 6, EV 87.5 MPH)
|
| Top of the 1st over - 0 runs, 0 hits, 0 errors, 0 left on base; Gwinnett 0 - Louisville 0 |
| BOTTOM OF THE 1ST |
|
Louisville Bats batting - Pitching for Gwinnett Braves : LHP Eduardo Baez
|
|
Pitching: LHP Eduardo Baez
|
|
|
Batting: RHB Ryan Short
|
0-0: Called Strike 0-1: Called Strike 0-2: Ball 1-2: Foul Ball, location: 2F 1-2: Foul Ball, location: 2F 1-2: Hit by Pitch
|
|
Batting: RHB Danny Real
|
0-0: Called Strike 0-1: Foul Ball, location: 2F 0-2: Strikes out swinging
|
|
Batting: RHB Bruno André
|
0-0: Called Strike Ryan Short steals 2nd base (no throw) 0-1: Ball 1-1: Ball 2-1: Called Strike 2-2: Foul Ball, location: 2F 2-2: Ball 3-2: Strikes out swinging
|
|
Batting: SHB Freddie Farrar
|
0-0: Ground out 6-3 (Groundball, 6, EV 88.8 MPH)
|
| Bottom of the 1st over - 0 runs, 0 hits, 0 errors, 1 left on base; Gwinnett 0 - Louisville 0 |
| TOP OF THE 2ND |
|
Gwinnett Braves batting - Pitching for Louisville Bats : LHP Jin Zhui
|
|
Batting: RHB Dave Nickerson
|
0-0: Ball 1-0: Called Strike 1-1: Ball 2-1: Foul Ball, location: 2F 2-2: Foul Ball, location: 2F 2-2: Strikes out looking
|
|
Batting: SHB Bob Morales
|
0-0: Ball 1-0: Ball 2-0: Foul Ball, location: 2F 2-1: Ball 3-1: Foul Ball, location: 2F 3-2: Fly out, F8 (Flyball, 8RM, EV 94.4 MPH)
|
|
Batting: RHB Ivan Ramirez
|
0-0: Called Strike 0-1: SINGLE (Flyball, 5D, EV 88.8 MPH)
|
|
Batting: RHB Mike Meeker
|
0-0: Ball 1-0: Hit by Pitch Ivan Ramirez to second
|
|
Batting: RHB John Peterson
|
0-0: Ball 1-0: Ball 2-0: Fly out, F7 (Flyball, BS1, EV 109.4 MPH)
|
| Top of the 2nd over - 0 runs, 1 hit, 0 errors, 2 left on base; Gwinnett 0 - Louisville 0 |
| BOTTOM OF THE 2ND |
|
Louisville Bats batting - Pitching for Gwinnett Braves : LHP Eduardo Baez
|
|
Batting: RHB Won-jun Park
|
0-0: Ball 1-0: Called Strike 1-1: Swinging Strike 1-2: Strikes out swinging
|
|
Batting: SHB Paul Sandoval
|
0-0: SINGLE (Groundball, 3S, EV 66.9 MPH) (infield hit)
|
|
Batting: LHB Satoru Handa
|
0-0: Called Strike 0-1: Ball 1-1: Ball 2-1: Reached on error, E6 (Groundball, 6M, EV 83.1 MPH) Paul Sandoval to second
|
|
Batting: RHB Colin Lord
|
0-0: Ball 1-0: Called Strike 1-1: Ball 2-1: Ball 3-1: Base on Balls Paul Sandoval to third Satoru Handa to second
|
|
Batting: RHB Jay Jacobson
|
0-0: Ball 1-0: Ball 2-0: SINGLE (Line Drive, 89S, EV 105.0 MPH) Paul Sandoval scores Satoru Handa to third Colin Lord to second
|
|
Batting: RHB Ryan Short
|
0-0: Fielders Choice at 2nd, 3-6 (Groundball, 34, EV 105.0 MPH) Satoru Handa scores Colin Lord to third
|
|
Batting: RHB Danny Real
|
0-0: Ball 1-0: Ball 2-0: Ball 3-0: Called Strike 3-1: Base on Balls Ryan Short to second
|
|
Batting: RHB Bruno André
|
0-0: Ball 1-0: Ball 2-0: Ground out 6-3 (Groundball, 6S, EV 91.2 MPH)
|
| Bottom of the 2nd over - 2 runs, 2 hits, 1 error, 3 left on base; Gwinnett 0 - Louisville 2 |
| TOP OF THE 3RD |
|
Gwinnett Braves batting - Pitching for Louisville Bats : LHP Jin Zhui
|
|
Batting: RHB Riley Nasiir
|
0-0: Called Strike 0-1: Ground out U3 (Groundball, 3, EV 85.6 MPH)
|
|
Batting: RHB Edgar Castillo
|
0-0: Fly out, F9 (Flyball, 9D, EV 96.9 MPH)
|
|
Batting: RHB Alex Munoz
|
0-0: Foul Ball, location: 2F 0-1: Ball 1-1: Swinging Strike 1-2: Strikes out swinging
|
| Top of the 3rd over - 0 runs, 0 hits, 0 errors, 0 left on base; Gwinnett 0 - Louisville 2 |
| BOTTOM OF THE 3RD |
|
Louisville Bats batting - Pitching for Gwinnett Braves : LHP Eduardo Baez
|
|
Batting: SHB Freddie Farrar
|
0-0: SINGLE (Groundball, 56D, EV 95.6 MPH)
|
|
Batting: RHB Won-jun Park
|
0-0: Ball 1-0: Ball 2-0: Ball 3-0: Called Strike 3-1: Foul Ball, location: 2F 3-2: Fly out, F3 (Popup, 23F, EV 81.2 MPH)
|
|
Batting: SHB Paul Sandoval
|
0-0: Called Strike 0-1: Ball 1-1: Ball 2-1: Ball 3-1: Base on Balls Freddie Farrar to second
|
|
Batting: LHB Satoru Handa
|
0-0: Called Strike 0-1: Foul Ball, location: 2F 0-2: Fielders Choice at 2nd, 6-4 (Groundball, 56, EV 88.8 MPH) Freddie Farrar to third
|
|
Batting: RHB Colin Lord
|
0-0: Ball 1-0: Ground out 4-3 (Groundball, 4S, EV 67.5 MPH)
|
| Bottom of the 3rd over - 0 runs, 1 hit, 0 errors, 2 left on base; Gwinnett 0 - Louisville 2 |
| TOP OF THE 4TH |
|
Gwinnett Braves batting - Pitching for Louisville Bats : LHP Jin Zhui
|
|
Batting: SHB Brian Bagley
|
0-0: Foul Ball, location: 2F 0-1: Swinging Strike 0-2: Ball 1-2: Foul Ball, location: 2F 1-2: Ball 2-2: Ground out 5-3 (Groundball, 25, EV 83.8 MPH)
|
|
Batting: RHB Dave Nickerson
|
0-0: Called Strike 0-1: Called Strike 0-2: Strikes out swinging, 2-3 out at first.
|
|
Batting: SHB Bob Morales
|
0-0: DOUBLE (Flyball, 8RXD, EV 114.4 MPH)
|
|
Batting: RHB Ivan Ramirez
|
0-0: Called Strike 0-1: Ball 1-1: Called Strike 1-2: Fly out, F9 (Flyball, 9S, EV 80.6 MPH)
|
| Top of the 4th over - 0 runs, 1 hit, 0 errors, 1 left on base; Gwinnett 0 - Louisville 2 |
| BOTTOM OF THE 4TH |
|
Louisville Bats batting - Pitching for Gwinnett Braves : LHP Eduardo Baez
|
|
Batting: RHB Jay Jacobson
|
0-0: Ground out 1-3 (Groundball, 13S, EV 70.0 MPH)
|
|
Batting: RHB Ryan Short
|
0-0: Ground out 5-3 (Groundball, 5, EV 84.4 MPH)
|
|
Batting: RHB Danny Real
|
0-0: Called Strike 0-1: Ball 1-1: Ball 2-1: Ball 3-1: Base on Balls
|
|
Batting: RHB Bruno André
|
0-0: Ball 1-0: Ball 2-0: Foul Ball, location: 2F 2-1: Ball Danny Real steals 2nd base (no throw) 3-1: Foul Ball, location: 2F 3-2: Base on Balls
|
|
Batting: SHB Freddie Farrar
|
0-0: Called Strike 0-1: Ball 1-1: Ball 2-1: Ball 3-1: Base on Balls Danny Real to third Bruno André to second
|
|
Batting: RHB Won-jun Park
|
0-0: Called Strike 0-1: Ball 1-1: Foul Ball, location: 2F 1-2: SINGLE (Flyball, 3D, EV 88.1 MPH) Danny Real scores Bruno André to third Freddie Farrar to second Runner from 3rd tries for Home, throw by RF and OUT! 9-2
|
| Bottom of the 4th over - 1 run, 1 hit, 0 errors, 2 left on base; Gwinnett 0 - Louisville 3 |
| TOP OF THE 5TH |
|
Gwinnett Braves batting - Pitching for Louisville Bats : LHP Jin Zhui
|
|
Batting: RHB Mike Meeker
|
0-0: Ball 1-0: Ground out 4-3 (Groundball, 4MS, EV 88.1 MPH)
|
|
Batting: RHB John Peterson
|
0-0: Called Strike 0-1: Foul Ball, location: 2F 0-2: Strikes out looking
|
|
Batting: RHB Riley Nasiir
|
0-0: Ball 1-0: Ball 2-0: Called Strike 2-1: Foul Ball, location: 2F 2-2: Ball 3-2: Base on Balls
|
|
Batting: RHB Edgar Castillo
|
0-0: Ball 1-0: Ball 2-0: Foul Ball, location: 2F 2-1: SINGLE (Line Drive, 8LS, EV 99.4 MPH) Riley Nasiir to second
|
|
Batting: RHB Alex Munoz
|
0-0: Ball 1-0: Fly out, F8 (Flyball, 8RXD, EV 105.6 MPH)
|
| Top of the 5th over - 0 runs, 1 hit, 0 errors, 2 left on base; Gwinnett 0 - Louisville 3 |
| BOTTOM OF THE 5TH |
|
Louisville Bats batting - Pitching for Gwinnett Braves : LHP Eduardo Baez
|
|
Batting: SHB Paul Sandoval
|
0-0: Swinging Strike 0-1: Ball 1-1: Ball 2-1: Foul Ball, location: 2F 2-2: Ball 3-2: Foul Ball, location: 2F 3-2: Strikes out looking
|
|
Batting: LHB Satoru Handa
|
0-0: Swinging Strike 0-1: Ball 1-1: Ball 2-1: Fly out, F5 (Line Drive, 5L, EV 66.2 MPH)
|
|
Batting: RHB Colin Lord
|
0-0: Ball 1-0: Called Strike 1-1: Ball 2-1: Ball 3-1: Called Strike 3-2: Fly out, F9 (Flyball, 89S, EV 93.1 MPH)
|
| Bottom of the 5th over - 0 runs, 0 hits, 0 errors, 0 left on base; Gwinnett 0 - Louisville 3 |
| TOP OF THE 6TH |
|
Gwinnett Braves batting - Pitching for Louisville Bats : LHP Jin Zhui
|
|
Batting: SHB Brian Bagley
|
0-0: Foul Ball, location: 2F 0-1: Ball 1-1: SINGLE (Line Drive, 6D, EV 103.1 MPH)
|
|
Batting: RHB Dave Nickerson
|
0-0: Ball 1-0: Foul Ball, location: 2F 1-1: SINGLE (Groundball, 56S, EV 73.1 MPH) (infield hit) Brian Bagley to second
|
|
Batting: SHB Bob Morales
|
0-0: Grounds into double play, 6-4-3 (Groundball, 6, EV 101.2 MPH) Brian Bagley to third
|
|
Batting: RHB Ivan Ramirez
|
0-0: Ball 1-0: Ground out 6-3 (Groundball, 6S, EV 79.4 MPH)
|
| Top of the 6th over - 0 runs, 2 hits, 0 errors, 1 left on base; Gwinnett 0 - Louisville 3 |
| BOTTOM OF THE 6TH |
|
Louisville Bats batting - Pitching for Gwinnett Braves : LHP Eduardo Baez
|
|
Batting: RHB Jay Jacobson
|
0-0: Foul Ball, location: 2F 0-1: Called Strike 0-2: Strikes out swinging
|
|
Batting: RHB Ryan Short
|
0-0: Foul Ball, location: 2F 0-1: SINGLE (Groundball, 25, EV 68.1 MPH) (infield hit)
|
|
Pitching: RHP Jonathan Ballejos
|
|
|
Batting: RHB Danny Real
|
0-0: Called Strike 0-1: Ball 1-1: Ball 2-1: Ball 3-1: Foul Ball, location: 2F 3-2: Foul Ball, location: 2F 3-2: Fly out, F8 (Line Drive, 8RD, EV 96.9 MPH)
|
|
Batting: RHB Bruno André
|
0-0: Ball 1-0: Called Strike 1-1: Called Strike 1-2: Fielders Choice at 2nd, 5-4 (Groundball, 56, EV 105.0 MPH)
|
| Bottom of the 6th over - 0 runs, 1 hit, 0 errors, 1 left on base; Gwinnett 0 - Louisville 3 |
| TOP OF THE 7TH |
|
Gwinnett Braves batting - Pitching for Louisville Bats : LHP Jin Zhui
|
|
Batting: RHB Mike Meeker
|
0-0: Called Strike 0-1: Ball 1-1: Called Strike 1-2: Foul Ball, location: 2F 1-2: Foul Ball, location: 2F 1-2: Fly out, F7 (Flyball, 7LD, EV 91.2 MPH)
|
|
Batting: RHB John Peterson
|
0-0: Called Strike 0-1: Ball 1-1: Ball 2-1: Called Strike 2-2: Foul Ball, location: 2F 2-2: Foul Ball, location: 2F 2-2: Ball 3-2: Foul Ball, location: 2F 3-2: Base on Balls
|
|
Batting: RHB Riley Nasiir
|
0-0: SINGLE (Groundball, 56D, EV 95.0 MPH) John Peterson to second Runner from 2nd tries for 3rd, OUT! 7-5 Riley Nasiir to second
|
|
Batting: RHB Edgar Castillo
|
0-0: Called Strike 0-1: Ball 1-1: Foul Ball, location: 2F 1-2: Fly out, F9 (Line Drive, 9S, EV 86.9 MPH)
|
| Top of the 7th over - 0 runs, 1 hit, 0 errors, 1 left on base; Gwinnett 0 - Louisville 3 |
| BOTTOM OF THE 7TH |
|
Louisville Bats batting - Pitching for Gwinnett Braves : RHP Jonathan Ballejos
|
|
Batting: SHB Freddie Farrar
|
0-0: Ball 1-0: Called Strike 1-1: Swinging Strike 1-2: Strikes out swinging
|
|
Batting: RHB Won-jun Park
|
0-0: Called Strike 0-1: Foul Ball, location: 2F 0-2: Strikes out looking
|
|
Batting: SHB Paul Sandoval
|
0-0: Called Strike 0-1: Ball 1-1: Ball 2-1: Ground out 5-3 (Groundball, 5S, EV 87.5 MPH)
|
| Bottom of the 7th over - 0 runs, 0 hits, 0 errors, 0 left on base; Gwinnett 0 - Louisville 3 |
| TOP OF THE 8TH |
|
Gwinnett Braves batting - Pitching for Louisville Bats : LHP Jin Zhui
|
|
Pitching: RHP Giovonni Morgia
|
|
|
Batting: RHB Alex Munoz
|
0-0: Ball 1-0: Hit by Pitch
|
|
Batting: SHB Brian Bagley
|
0-0: Swinging Strike 0-1: Grounds into double play, U6-3 (Groundball, 6M, EV 80.0 MPH)
|
|
Pinch Hitting: LHB Chris Locklear
|
0-0: Fly out, F7 (Flyball, 7LS, EV 72.5 MPH)
|
| Top of the 8th over - 0 runs, 0 hits, 0 errors, 0 left on base; Gwinnett 0 - Louisville 3 |
| BOTTOM OF THE 8TH |
|
Louisville Bats batting - Pitching for Gwinnett Braves : RHP Jonathan Ballejos
|
|
Now in RF: Fred Arends
|
|
|
Batting: LHB Satoru Handa
|
0-0: Called Strike 0-1: Ball 1-1: Swinging Strike 1-2: Ball 2-2: Fly out, F1 (Line Drive, P, EV 66.9 MPH)
|
|
Batting: RHB Colin Lord
|
0-0: Ball 1-0: Ground out 4-3 (Groundball, 4, EV 85.6 MPH)
|
|
Batting: RHB Jay Jacobson
|
0-0: Ball 1-0: SINGLE (Groundball, 56D, EV 102.5 MPH)
|
|
Batting: RHB Ryan Short
|
0-0: Called Strike 0-1: Foul Ball, location: 2F 0-2: Foul Ball, location: 2F 0-2: Ball 1-2: Fly out, F9 (Flyball, 9S, EV 72.5 MPH)
|
| Bottom of the 8th over - 0 runs, 1 hit, 0 errors, 1 left on base; Gwinnett 0 - Louisville 3 |
| TOP OF THE 9TH |
|
Gwinnett Braves batting - Pitching for Louisville Bats : RHP Giovonni Morgia
|
|
Pitching: RHP Robbie Delgado
|
|
|
Batting: SHB Bob Morales
|
0-0: Foul Ball, location: 2F 0-1: Foul Ball, location: 2F 0-2: Strikes out looking
|
|
Batting: RHB Ivan Ramirez
|
0-0: Fly out, F7 (Flyball, 7D, EV 101.9 MPH)
|
|
Batting: RHB Mike Meeker
|
0-0: Called Strike 0-1: Ball 1-1: Ball 2-1: Fly out, F9 (Flyball, 9LM, EV 89.4 MPH)
|
| Top of the 9th over - 0 runs, 0 hits, 0 errors, 0 left on base; Gwinnett 0 - Louisville 3 |
|